 Dungeon Crawl Stone Soup version 0.28-a0-851-g8b9cc49659 (webtiles) character file.

Game seed: 533819285975692654

47 bande the Covered (level 3, 0/24 HPs)
             Began as a Gargoyle Fighter on Nov 14, 2021.
             Slain by an iguana (7 damage)
             ... on level 2 of the Dungeon.
             The game lasted 00:01:40 (1924 turns).

bande the Covered (Gargoyle Fighter)                Turns: 1924, Time: 00:01:41

Health: 0/24       AC: 11    Str: 20    XL:     3   Next: 70%
Magic:  3/3        EV:  9    Int:  8    God:
Gold:   45         SH:  4    Dex:  9    Spells: 2/2 levels left

rFire   . . .      SeeInvis .   a - +0 war axe
rCold   . . .      Faith    .   c - +0 buckler
rNeg    + . .      Spirit   .   b - +0 scale mail
rPois   ∞          Reflect  .   (no helmet)
rElec   +          Harm     .   e - +0 cloak
rCorr   .          Rampage  .   (no gloves)
Will    .....                   (no boots)
Stlth   ..........              (no amulet)
HPRegen 0.08/turn               (no ring)
MPRegen 0.08/turn               (no ring)

@: no status effects
A: sickness immunity, AC +3, negative energy resistance 1, electricity
resistance, torment resistance 1, petrification resistance
a: no special abilities


You were on level 2 of the Dungeon.
You visited 1 branch of the dungeon, and saw 2 of its levels.

You collected 45 gold pieces.

Inventory:

Hand Weapons
 a - a +0 war axe (weapon)
Armour
 b - a +0 scale mail (worn)
 c - a +0 buckler (worn)
 e - a +0 cloak (worn)
Scrolls
 f - 2 scrolls of fear {unknown}
 g - 2 scrolls of magic mapping {unknown}
Potions
 d - a potion of might
 h - a potion of berserk rage {unknown}


   Skills:
 + Level 3.7 Fighting
 + Level 2.4 Axes
 + Level 4.0 Armour
 + Level 3.4 Shields


You had 2 spell levels left.
You didn't know any spells.
Your spell library was empty.

Dungeon Overview and Level Annotations

Branches:
Dungeon (2/15)

Altars:

Shops:
D:1 :


Innate Abilities, Weirdness & Mutations

You are immune to sickness and miasma.
Your stone body is resilient. (AC +3)
You are immune to poison.
You resist negative energy. (rN+)
You are resistant to electric shocks. (rElec)
You are resistant to unholy torment.
You are immune to petrification.


Message History

No target in view!
You now have 45 gold pieces (gained 8).
Things that are here:
a +0 dagger; 3 stones; a kobold corpse You see here a rat corpse.
You see here a hobgoblin corpse.
h - a coppery potion
f - 2 scrolls labelled ANAAMM YRGHOPT (gained 1)
An iguana comes into view.
The iguana hisses angrily.
You slash the iguana!
The iguana is heavily wounded.
The iguana bites you!
You closely miss the iguana.
The iguana is heavily wounded.
You block the iguana's attack. The iguana barely misses you.
You barely miss the iguana.
The iguana is heavily wounded.
You block the iguana's attack.
You hit the iguana but do no damage.
The iguana is heavily wounded.
The iguana bites you!
* * * LOW HITPOINT WARNING * * *
The iguana closely misses you.
You are too injured to fight recklessly!
You are too injured to fight recklessly!
You are too injured to fight recklessly!
You are too injured to fight recklessly!
You are too injured to fight recklessly!
You are too injured to fight recklessly!
You are too injured to fight recklessly!
You are too injured to fight recklessly!
You are too injured to fight recklessly!
You hit the iguana but do no damage.
The iguana is heavily wounded.
The iguana barely misses you.
You closely miss the iguana.
The iguana is heavily wounded.
The iguana bites you!
You die...

#.### #.#.###.##
....#####.#.##.##.
#.................
#.#.#####.#.####.# #.#.#
#.#.....#. #.#.#
#.#####.## #$#.# ###.###
#... #.#.##l#.# #.....#
####
#.....@..###.###.######
......#.#.....# #.......
##.#..#.#.###.###.######
# #. #.#.........# ..
#...######### ## ###.#
#.# #.# #.#


You could see an iguana.

Vanquished Creatures
  A dart slug (D:1)
  3 bats (D:1)
  7 endoplasms
  3 giant cockroaches
  4 hobgoblins
  2 jackals (D:2)
  4 quokkas
  3 ball pythons (D:2)
  2 frilled lizards
  4 goblins
  3 kobolds
  5 rats
41 creatures vanquished.

Notes
Turn   | Place    | Note
-------+----------+-------------------------------------------
     0 | D:1      | bande the Gargoyle Fighter began the quest for the Orb.
     0 | D:1      | Reached XP level 1. HP: 14/14 MP: 1/1
   205 | D:1      | Reached XP level 2. HP: 11/19 MP: 2/2
   662 | D:1      | Found Effopt's Book Shop.
   976 | D:1      | Reached XP level 3. HP: 22/23 MP: 3/3
  1728 | D:2      | Reached skill level 4 in Armour
  1924 | D:2      | Slain by an iguana

Illustrated notes

Levels and vault maps discovered:
D:1:      onia_arrival_mini_maze, layout_basic, serial_shops, shop,
          palyth_stone_intersect, minmay_crystal_water
D:2:      layout_loops_ring, grunt_ministairs_5

Skill      XL: |  1  2  3 |
---------------+----------+-----
Axes           | 2 |  2.4
Armour         | 4 |  4.0
Fighting       | |  3.7
Shields        | |  3.4

Action                   || total
-------------------------++-------
Melee: War axe           ||   137
Armor: Scale mail        ||    72
Dodge: Dodged            ||    62
Block: Buckler           ||    27

Table legend: (Time is in decaauts)
 A = Elapsed time spent in this place.
 B = Non-inter-level travel time spent in this place.
 C = Inter-level travel time spent in this place.
 D = Time resting spent in this place.
 E = Time spent auto-exploring this place.
 F = Levels seen in this place.
 G = Mean time per level.
                   A        B        C        D        E       F      G
               +--------+--------+--------+--------+--------+-----+--------+
         Total |   1981 |   1931 |     50 |      0 |   1625 |   2 |  990.5 |
       Dungeon |   1981 |   1931 |     50 |      0 |   1625 |   2 |  990.5 |
               +--------+--------+--------+--------+--------+-----+--------+

Top non-repeatable levels by time:
     D:1: 1061 daAuts
     D:2: 920 daAuts
